 Dungeon Sprint DCSS version 0.27-a0-1456-gf5a116941d (webtiles) character file.

Game seed: 6916408437866173266

17 mhtbhm the Chopper (level 2, -1/29 HPs)
             Began as a Hill Orc Monk on July 5, 2021.
             Was a Priest of Beogh.
             Slain by a water moccasin (7 damage)
             ... in the Dungeon (Sprint VII: "The Pits").
             The game lasted 00:00:28 (302 turns).

mhtbhm the Chopper (Hill Orc Monk)                   Turns: 302, Time: 00:00:28

Health: -1/29      AC:  2    Str: 13    XL:     2   Next: 62%
Magic:  2/2        EV: 13    Int: 10    God:    Beogh [***...]
Gold:   0          SH:  0    Dex: 13    Spells: 1/1 levels left

rFire    . . .     SeeInvis .   a - +2 hand axe (freeze)
rCold    . . .     Faith    .   (no shield)
rNeg     . . .     Spirit   .   b - +0 robe
rPois    .         Reflect  .   (no helmet)
rElec    .         Harm     .   (no cloak)
rCorr    .         Rampage  .   (no gloves)
Will     .....     NoTele   +   (no boots)
Stlth    ++........             (no amulet)
HPRegen  0.09/turn              (no ring)
MPRegen  0.08/turn              (no ring)

@: lethally poisoned (-1 -> -18)
A: no striking features
a: Renounce Religion, Smiting


You were in the Dungeon.
You worshipped Beogh.
Beogh was most pleased with you.
You visited 1 branch

Inventory:

Hand Weapons
 a - a +2 hand axe of freezing (weapon)
 l - a +2 hand axe
Armour
 b - a +0 robe (worn)
Scrolls
 h - a scroll of blinking
 j - 5 scrolls of amnesia
 k - a scroll of summoning
Potions
 c - a potion of curing
 d - a potion of heal wounds
 e - a potion of haste
 f - 4 potions of magic
 g - 3 potions of berserk rage
 i - 2 potions of invisibility


   Skills:
 + Level 5.0 Fighting
 + Level 5.6 Axes
 + Level 3.2 Dodging
 + Level 1.9 Stealth


You had one spell level left.
You didn't know any spells.
Your spell library was empty.

Dungeon Overview and Level Annotations

Branches:
Dungeon (1/1)

Altars:
Ashenzari
Cheibriados
Dithmenos
Elyvilon
Fedhas
Gozag
Hepliaklqana
Kikubaaqudgha
Makhleb
Nemelex Xobeh
Okawaru
Qazlal
Ru
Sif Muna
Trog
Uskayaw
Vehumet
Wu Jian
Xom
Yredelemnul
Zin
The Shining One
Beogh
Jiyva
Lugonu


Message History

You hit the jackal. You freeze the jackal.
The jackal is heavily wounded.
You hit the jackal. You freeze the jackal. The jackal closely misses you.
The jackal misses you.
The jackal bites you but does no damage. x2
You hit the jackal. You freeze the jackal.
You kill the jackal!
Beogh accepts your kill.
You can now gain orcish followers.
You closely miss the jackal. The jackal misses you.
The giant cockroach barely misses you.
Your Fighting skill increases to level 5!
You closely miss the jackal.
The jackal is heavily wounded.
You hit the giant cockroach. You freeze the giant cockroach.
You kill the giant cockroach!
Beogh accepts your kill. The jackal closely misses you.
You barely miss the jackal.
The jackal is heavily wounded.
You miss the water moccasin. The water moccasin bites you.
You are poisoned.
The water moccasin poisons you! The jackal closely misses you.
The water moccasin completely misses you.
The jackal misses you.
You slash the water moccasin! You freeze the water moccasin.
The water moccasin is heavily wounded.
You barely miss the jackal.
You feel very sick. The water moccasin bites you.
You are lethally poisoned!
The water moccasin poisons you!
The jackal bites you but does no damage.
You hit the water moccasin. You freeze the water moccasin.
The water moccasin is severely wounded.
You miss the jackal.
You feel very sick. The water moccasin bites you.
* * * LOW HITPOINT WARNING * * *
The jackal closely misses you. The water moccasin bites you!
You die...

#.?(.')))'.##......#..#.
##########.##...........
#...........'...........
#+#####'#####......#..#.
#. #.).'.##...........
#..#...#.#####'#####++
#..#####.##.......#
#..'h..#.##.......#
#..gS@)'.##.......#
#..########...<...# #.
#.......# # #.......#
#.......# #########


You could see a water moccasin, a jackal and a goblin.

Vanquished Creatures
  An adder (D)
  2 orcs (D)
  A giant cockroach (D)
  A jackal (D)
  A ball python skeleton (D)
  A frilled lizard (D)
7 creatures vanquished.

Notes
Turn   | Place    | Note
-------+----------+-------------------------------------------
     0 | D        | mhtbhm the Hill Orc Monk began the quest for the Orb.
     0 | D        | Reached XP level 1. HP: 19/19 MP: 1/1
    18 | D        | Found a bloodstained altar of Trog.
    18 | D        | Found a shimmering blue altar of Sif Muna.
    18 | D        | Found a viscous altar of Jiyva.
    18 | D        | Found a hazy altar of Hepliaklqana.
    18 | D        | Found an opulent altar of Gozag.
    19 | D        | Found a glowing golden altar of the Shining One.
    19 | D        | Found a glowing silver altar of Zin.
    19 | D        | Found a basalt altar of Yredelemnul.
    19 | D        | Found a shimmering altar of Xom.
    19 | D        | Found an ornate altar of the Wu Jian Council.
    19 | D        | Found a sacrificial altar of Ru.
    19 | D        | Found a stormy altar of Qazlal.
    19 | D        | Found an iron altar of Okawaru.
    19 | D        | Found a sparkling altar of Nemelex Xobeh.
    19 | D        | Found a burning altar of Makhleb.
    19 | D        | Found a blossoming altar of Fedhas.
    19 | D        | Found a white marble altar of Elyvilon.
    19 | D        | Found a shadowy altar of Dithmenos.
    19 | D        | Found a snail-covered altar of Cheibriados.
    21 | D        | Found a radiant altar of Vehumet.
    21 | D        | Found a corrupted altar of Lugonu.
    21 | D        | Found a roughly hewn altar of Beogh.
    22 | D        | Found a hide-covered altar of Uskayaw.
    22 | D        | Found an ancient bone altar of Kikubaaqudgha.
    22 | D        | Found a broken altar of Ashenzari.
    33 | D        | Became a worshipper of Beogh the Brigand
    33 | D        | Reached * piety under Beogh
    33 | D        | Reached ** piety under Beogh
   200 | D        | Reached skill level 5 in Axes
   200 | D        | Reached XP level 2. HP: 19/28 MP: 2/2
   296 | D        | Noticed a water moccasin
   298 | D        | Reached *** piety under Beogh
   299 | D        | Reached skill level 5 in Fighting
   302 | D        | Slain by a water moccasin

Illustrated notes

Levels and vault maps discovered:
D:        pitsprint [storerooms_1, entrance_room_1, metal_vault_1, armoury_1,
          mini_pit_1, grid_room_1, main_hall_1, silver_pit, the_coven_3,
          the_vestibule_1, steel_vault_5, golden_pit, hallway_of_sentries,
          crystal_vault_4, iron_vault_4, final_vault]

Skill      XL: |  1  2 |
---------------+-------+-----
Fighting       | 4 5 |  5.0
Axes           | 5 |  5.6
Dodging        | 3 |  3.2
Stealth        | |  1.9

Action                   || total
-------------------------++-------
Melee: Hand axe          ||    15
 Stab: Sleeping          ||     1
Armor: Robe              ||     4
Dodge: Dodged            ||    16

Table legend: (Time is in decaauts)
 A = Elapsed time spent in this place.
 B = Non-inter-level travel time spent in this place.
 C = Inter-level travel time spent in this place.
 D = Time resting spent in this place.
 E = Time spent auto-exploring this place.
 F = Levels seen in this place.
 G = Mean time per level.
                   A        B        C        D        E       F      G
               +--------+--------+--------+--------+--------+-----+--------+
         Total |    302 |    302 |      0 |    190 |      0 |   1 |  302.0 |
       Dungeon |    302 |    302 |      0 |    190 |      0 |   1 |  302.0 |
               +--------+--------+--------+--------+--------+-----+--------+

Top non-repeatable levels by time:
       D: 302 daAuts
